 Dungeon Crawl Stone Soup version 0.30-a0-359-gd0147acb1a (webtiles) character file.

Game seed: 9731184654523929506

9 mcwallace the Magician (level 2, 0/15 HPs)
             Began as a Deep Elf Air Elementalist on Nov 11, 2022.
             Slain by a rat (2 damage)
             ... on level 1 of the Dungeon.
             The game lasted 00:01:04 (183 turns).

mcwallace the Magician (Deep Elf Air Elementalist)   Turns: 183, Time: 00:01:04

Health: 0/15       AC:  2    Str:  5    XL:     2   Next: 6%
Magic:  1/8        EV: 12    Int: 19    God:
Gold:   0          SH:  0    Dex: 15    Spells: 6/7 levels left

rFire   . . .      SeeInvis .    c - +0 dagger {short}
rCold   . . .      Faith    .    (no shield)
rNeg    . . .      Spirit   .    a - +0 robe
rPois   .          Reflect  .    (no helmet)
rElec   .          Harm     .    (no cloak)
rCorr   .          Rampage  .    (no gloves)
Will    .....                    (no boots)
Stlth   ++........               (no amulet)
HPRegen 0.22/turn                (no ring)
MPRegen 0.11/turn                (no ring)

@: no status effects
A: no striking features
a: no special abilities


You were on level 1 of the Dungeon.
You visited 1 branch of the dungeon, and saw 1 of its levels.


   Skills:
 - Level 2.4 Dodging
 + Level 2.7 Stealth
 + Level 3.2 Spellcasting
 + Level 1.4 Conjurations
 + Level 3.1 Air Magic


You had 6 spell levels left.
You knew the following spells:

 Your Spells              Type           Power      Damage    Failure   Level
a - Shock                 Conj/Air       44%        1d5       6%          1

Your spell library contained the following spells:

 Spells                   Type           Power      Damage    Failure   Level
 Static Discharge         Conj/Air       22%        2-3/arc   9%          2
 Swiftness                Air            15%        N/A       12%         3
 Airstrike                Air            7%         2d(2-18)  38%         4

Inventory:

Hand Weapons
 c - a +0 dagger (weapon) {short}
   (You took it off a goblin on level 1 of the Dungeon)
Armour
 a - a +0 robe (worn)
Scrolls
 f - a scroll of enchant armour {unknown}
Potions
 b - a potion of magic
 d - a potion of curing {unknown}
 e - a potion of haste {unknown}
 g - a potion of mutation {unknown}

Dungeon Overview and Level Annotations

Branches:
Dungeon (1/15) Zot: 5817

Altars:

Shops:
D:1

??* .....###..##...#
#............#♣# #.#
..## #+##.........# #.#
.... #........## #.#
...## #.......#
#####.##..... #.......#
#..........##
#..†....###............
#.........#....†.....#.
#.......#.#.@r††....∩..
#########.#.########...
#.#........ #...#####..
##.># ####


You could see a rat.


Message History

Aiming: Shock (safe; 6% risk of failure)
Press: ? - help, Q - select action Shift-Dir - straight line, f/p - jackal
Aim: a jackal (60% to hit)
The zap hits the jackal. 😎 MP[-1]
You lost 1 mp, and now have 3/6 mp.
Aiming: Shock (safe; 6% risk of failure)
Press: ? - help, Q - select action Shift-Dir - straight line, f/p - jackal
Aim: a jackal (severely wounded, 60% to hit)
The zap misses the jackal. x2 😎 MP[-1]
You lost 1 mp, and now have 2/6 mp.
Aiming: Shock (safe; 6% risk of failure)
Press: ? - help, Q - select action Shift-Dir - straight line, f/p - jackal
Aim: a jackal (severely wounded, 60% to hit)
The zap hits the jackal.
The zap misses the jackal. 😎 MP[-1]
You lost 1 mp, and now have 1/6 mp.
Aiming: Shock (safe; 6% risk of failure)
Press: ? - help, Q - select action Shift-Dir - straight line, f/p - jackal
Aim: a jackal (severely wounded, 60% to hit)
You miscast Shock.
You are very lightly contaminated with residual magic.
Nothing appears to happen. 😎 MP[-1]
You lost 1 mp, and now have 0/6 mp.
You don't have enough magic to cast this spell.
You closely miss the jackal. The jackal barely misses you.
You barely miss the jackal. You closely miss the jackal.
The jackal barely misses you. x2
The jackal misses you. The jackal closely misses you.
You hit the jackal but do no damage.
The jackal bites you but does no damage.
The jackal pauses to sniff the ground.
The jackal bites you. 😕 HP[-2] MP[+1]
You take 2 damage, and now have 8/10 hp.
You hit the jackal.
You kill the jackal!
The jackal bites you.
A rat comes into view. 😮 HP[-1]
You take 1 damage, and now have 7/10 hp.
The jackal attacks as you move away! The jackal barely misses you.
The jackal misses you. x2
The jackal bites you but does no damage.
Your magical contamination has completely faded away.
You see here a jackal corpse.
You hit the jackal but do no damage. The jackal barely misses you.
The jackal closely misses you. 😕 HP[+1]
You barely miss the jackal. The jackal bites you. The jackal barely misses you.
The jackal bites you.
* * * LOW HITPOINT WARNING * * *
The jackal bites you.
* * * LOW HITPOINT WARNING * * *
😨 HP[-5]
You take 5 damage, and now have 3/10 hp.
MASSIVE DAMAGE!! (PAUSE)
You closely miss the jackal. The jackal closely misses you.
The jackal misses you.
You hit the jackal.
You kill the jackal!
The jackal bites you.
* * * LOW HITPOINT WARNING * * *
You have reached level 2! 😱 HP[-1]
You now have 15 max hp (+5).
Aiming: Shock (safe; 6% risk of failure)
Press: ? - help, Q - select action Shift-Dir - straight line, f - jackal
Aim: a jackal (severely wounded, 60% to hit)
You miscast Shock.
You are very lightly contaminated with residual magic.
Nothing appears to happen.
The jackal closely misses you. The rat misses you.
The jackal closely misses you. 😱 MP[-1]
You lost 1 mp, and now have 0/8 mp.
You closely miss the jackal.
The jackal bites you but does no damage.
The rat completely misses you.
You barely miss the jackal. The jackal bites you.
* * * LOW HITPOINT WARNING * * *
The rat bites you.
* * * LOW HITPOINT WARNING * * *
The jackal barely misses you. 😱 HP[-1]
You take 1 damage, and now have 1/15 hp.
You barely miss the jackal. The rat barely misses you.
The jackal closely misses you. 😱 MP[+1]
You hit the jackal.
You kill the jackal!
The rat closely misses you. The rat attacks as you move away!
The rat barely misses you.
You see here a jackal corpse.
Your magical contamination has completely faded away. 😱 HP[+1]
The rat attacks as you move away! The rat bites you.
You die...

Action                   || total
-------------------------++-------
Melee: Dagger            ||    13
 Cast: Shock             ||    13
Armor: Robe              ||     3
Dodge: Dodged            ||    23

Levels and vault maps discovered:
D:1:      dpeg_arrival_houses_and_road, layout_basic, serial_curves,
          eino_curves_02, eino_curves_02, serial_shops, nicolae_diamond_shop,
          nicolae_shop_trees, nicolae_shop_hallway_stairs, shop,
          nicolae_shop_window_shopping, minmay_misc_feat_nine_boxes

Notes
Turn   | Place    | Note
-------+----------+-------------------------------------------
     0 | D:1      | mcwallace the Deep Elf Air Elementalist began the quest for
                  | the Orb.
     0 | D:1      | Reached XP level 1. HP: 10/10 MP: 6/6
     0 | D:1      | magus.rc [v1.9.6]
    37 | D:1      | Found Eqall's Magic Scroll Emporium.
    47 | D:1      | Found Ulurasch's Magic Scroll Shoppe.
   157 | D:1      | Found Gadatuk's Assorted Antiques.
   174 | D:1      | HP: 1/10 [jackal (2)]
   175 | D:1      | Reached XP level 2. HP: 2/15 MP: 1/8
   183 | D:1      | Slain by a rat

Vanquished Creatures
  An endoplasm (D:1)
  A goblin (D:1)
  3 jackals (D:1)
  2 quokkas (D:1)
7 creatures vanquished.

Table legend:
 A = Non-vault XP
 B = Vault XP
 C = Vault XP percentage of total XP
 D = Non-vault monster count
 E = Vault monster count
 F = Vault count percentage of total count
                 A         B        C        D         E       F
            +---------+---------+-------+---------+---------+-------
      Total |      14 |       0 |   0.0 |       7 |       0 |   0.0
            +---------+---------+-------+---------+---------+-------
        D:1 |      14 |       0 |   0.0 |       7 |       0 |   0.0
            +---------+---------+-------+---------+---------+-------

Illustrated notes

Table legend:
 A = Kills in this place as a percentage of kills in entire the game.
 B = Kills by you in this place as a percentage of kills by you in the entire game.
 C = Kills by friends in this place as a percentage of kills by friends in the entire game.
 D = Other kills in this place as a percentage of other kills in the entire game.
 E = Experience gained in this place as a percentage of experience gained in the entire game.
 F = Experience gained in this place divided by the number of levels of this place that you have seen.
                   A       B       C       D       E      F
               +-------+-------+-------+-------+-------+----------------------
         Total | 100.0 | 100.0 |   N/A |   N/A | 100.0 |  14.0
       Dungeon | 100.0 | 100.0 |   N/A |   N/A | 100.0 |  14.0
               +-------+-------+-------+-------+-------+----------------------

Table legend: (Time is in decaauts)
 A = Elapsed time spent in this place.
 B = Non-inter-level travel time spent in this place.
 C = Inter-level travel time spent in this place.
 D = Time resting spent in this place.
 E = Time spent auto-exploring this place.
 F = Levels seen in this place.
 G = Mean time per level.
                   A        B        C        D        E       F      G
               +--------+--------+--------+--------+--------+-----+--------+
         Total |    182 |    182 |      0 |      0 |    126 |   1 |  182.0 |
       Dungeon |    182 |    182 |      0 |      0 |    126 |   1 |  182.0 |
               +--------+--------+--------+--------+--------+-----+--------+

Top non-repeatable levels by time:
     D:1: 182 daAuts
